 Dungeon Crawl Stone Soup version 0.28.0-45-g0d030f2227 (webtiles) character file.

Game seed: 10265909878838441834

13797 MisterFreud the Transmogrifier (level 11, 0/106 (112) HPs)
             Began as a Red Draconian Transmuter on Apr 26, 2022.
             Was a Priest of Ru.
             Slain by a harpy simulacrum (2 damage)
             ... in an ice cave.
             The game lasted 00:31:39 (16515 turns).

MisterFreud the Transmogrifier (DrTm)              Turns: 16515, Time: 00:31:40

HP:   0/106 (112)   AC:  9    Str: 18    XL:     11   Next: 80%
MP:   17/17         EV: 13    Int: 16    God:    Ru [***...]
Gold: 499           SH:  0    Dex: 13    Spells: 1/18 levels left

rFire   x x .      SeeInvis +     - Unarmed
rCold   + + +      Faith    .   (shield currently unavailable)
rNeg    + . .      Spirit   .   (armour unavailable)
rPois   +          Reflect  .   (helmet currently unavailable)
rElec   .          Harm     .   (cloak currently unavailable)
rCorr   .          Rampage  .   (gloves currently unavailable)
Will    .....                   (boots currently unavailable)
Stlth   +.........              E - amulet "Ingofyuf" {rC+ Regen+ Str+5 SInv}
HPRegen 1.07/turn               u - ring of positive energy
MPRegen 0.15/turn               a - ring of ice

@: exhausted, ice-form, unable to drink, drained
A: freezing attack, amphibious, boosted hp, (breathe fire), AC +7, large,
unfitting armour, (fire resistance 1), (cold-blooded), inability to drink while
threatened, unskilled 1
a: End Transformation, Renounce Religion, Draw Out Power


You were in an ice cave.
You worshipped Ru.
Ru was most pleased with you.
You were a creature of crystalline ice.
You visited 1 branch of the dungeon, and saw 12 of its levels.
You also visited: Ossuary, Bailey and Ice Cave.

You collected 907 gold pieces.
You spent 408 gold pieces at shops.

Inventory:

Missiles
 c - 34 poisoned darts (quivered)
 t - 2 silver boomerangs
 y - 20 boomerangs
Armour
 C - a +0 cloak of willpower (melded)
 M - a +2 hat (melded)
 N - a +0 pair of gloves (melded)
Jewellery
 a - a ring of ice (right front paw)
 d - a ring of ice
 l - a ring of magical power
 u - a ring of positive energy (left front paw)
 E - the amulet "Ingofyuf" (around neck) {rC+ Regen+ Str+5 SInv}
   (You acquired it on level 8 of the Dungeon)

   [amulet of regeneration]

   Str:       It affects your strength (+5).
   rC:        It protects you from cold.
   SInv:      It lets you see invisible.
   Regen:     It increases your rate of health regeneration.
 G - a ring of positive energy
Wands
 n - a wand of acid (16)
 r - a wand of flame (12)
 s - a wand of charming (17)
 w - a wand of digging (4)
 J - a wand of iceblast (6)
Scrolls
 b - a scroll of amnesia
 e - 3 scrolls of summoning
 g - 10 scrolls of teleportation
 v - a scroll of fear
 z - 2 scrolls of enchant armour
 D - a scroll of enchant weapon
 H - a scroll of fog
 K - a scroll of holy word
Potions
 f - 4 potions of heal wounds
 h - 2 potions of invisibility
 i - 2 potions of mutation
 j - 2 potions of cancellation
 k - 2 potions of berserk rage
 m - 2 potions of curing
 o - a potion of ambrosia
 p - a potion of magic
 x - 2 potions of brilliance
 A - a potion of flight
 B - 2 potions of lignification
 F - 2 potions of might
 I - a potion of attraction
 O - a potion of haste
Miscellaneous
 q - a phantom mirror (inert)


   Skills:
 - Level 8.0 Fighting
 - Level 8.0 Dodging
 - Level 8.0 Unarmed Combat
 - Level 4.0 Spellcasting
 * Level 10.8 Transmutations
 - Level 1.7 Ice Magic


You had one spell level left.
You knew the following spells:

 Your Spells              Type           Power      Damage    Failure   Level
a - Ice Form              Ice/Tmut       34%        N/A       13%         4
b - Wereblood             Tmut           37%        N/A       1%          2
c - Spider Form           Tmut/Pois      20%        N/A       5%          3
d - Tukima's Dance        Hex            3%         N/A       45%         3
e - Blade Hands           Tmut           18%        N/A       5%          5

Your spell library contained the following spells:

 Spells                   Type           Power      Damage    Failure   Level
 Beastly Appendage        Tmut           74%        N/A       1%          1
 Sting                    Tmut/Pois      80%        1d7       1%          1
 Freeze                   Ice            52%        1d7       9%          1
 Foxfire                  Conj/Fire      12%        2x1d4     17%         1
 Frozen Ramparts          Ice            26%        1d4       24%         3
 Yara's Violent Unravell  Hex/Tmut       10%        3d6       45%         5
 Hailstorm                Conj/Ice       9%         3d4       75%         4
 Animate Dead             Necr           1%         N/A       86%         4
 Passage of Golubria      Tloc           3%         N/A       86%         4
 Eringya's Noxious Bog    Tmut/Pois      10%        N/A       96%         6
 Borgnjor's Vile Clutch   Necr/Erth      1%         N/A       99%         5
 Death Channel            Necr           1%         N/A       100%        6


Dungeon Overview and Level Annotations

Branches:
Dungeon (12/15)            Temple (0/1) D:6            Lair (0/6) D:11
    Orc (0/2) D:10        Ossuary (visited)          Bailey (visited)
  IceCv (1/1)

Altars:
Ashenzari
Fedhas
Gozag
Okawaru
Qazlal
Ru
Vehumet
Xom
Zin
The Shining One

Shops:
D:1 :   D:3 =   D:10 !*


Innate Abilities, Weirdness & Mutations

You are a creature of crystalline ice.
You have a powerful freezing melee attack.
You are amphibious.
Your maximum health is increased.
Your armour is entirely melded.
You are incapable of wielding weapons or throwing items.
((You can breathe blasts of fire.))
((Your fiery red scales are hard. (AC +7)))
You cannot fit into any form of body armour.
((Your flesh is heat resistant. (rF+)))
((You are cold-blooded and may be slowed by cold attacks.))
You sometimes lose the ability to drink potions when taking damage.
You are somewhat unskilled. (-1 Apt)


Message History

You hit the white ugly thing.
The white ugly thing is heavily wounded.
The entropy weaver simulacrum hits your white ugly thing.
Your white ugly thing dies!
Your white ugly thing's corpse shimmers and vanishes!
The white ugly thing bites you!
* * * LOW HITPOINT WARNING * * *
The white ugly thing freezes you! You resist.
* * * LOW HITPOINT WARNING * * *
Unknown command.
Unknown command.
Unknown command.
Unknown command.
As you read the scroll of fear, it crumbles to dust.
You assume a fearsome visage.
The harpy simulacrum is unaffected.
The white ugly thing looks frightened!
The entropy weaver simulacrum is unaffected.
The harpy simulacrum is stunned by your conviction and fails to attack.
The entropy weaver simulacrum barely misses you.
The entropy weaver simulacrum closely misses you.
The entropy weaver simulacrum hits you.
* * * LOW HITPOINT WARNING * * *
The entropy weaver simulacrum freezes you!
You resist.
* * * LOW HITPOINT WARNING * * *
The entropy weaver simulacrum closely misses you.
Unknown command.
Unknown command.
Unknown command.
Okay, then.
Unknown command.
The harpy simulacrum closely misses you.
The harpy simulacrum barely misses you.
Cornered, the white ugly thing turns to fight!
The harpy simulacrum barely misses you. x2; The harpy simulacrum claws you!
* * * LOW HITPOINT WARNING * * *
The harpy simulacrum freezes you. You resist.
* * * LOW HITPOINT WARNING * * *
The harpy simulacrum claws you.
You die...

#.......#
#.......#
####.####
#)(...(!#
#[u.....#
#)......#
#..Z....#
#...Z...#
##..Y..##
##...##
##.##
##...##
##.....##
#...∩...#
#.......#
#.......#
#...∩...#


You could see a white ugly thing, a harpy simulacrum and an entropy weaver
simulacrum.

Vanquished Creatures
  A two-headed ogre (D:11)
  Pikel (D:5)
  An ugly thing (D:9)
  A cyclops (D:12)
  3 ice statues (IceCv)
  A gargoyle (D:10)
  A freezing wraith (IceCv)
  2 ice devils (D:12)
  An anaconda simulacrum (IceCv)
  A troll (D:9)
  A hornet (D:7)
  Grinder (D:4)
  Sigmund (D:4)
  5 wyverns
  13 yaks
  A wraith (D:10)
  A steam dragon (D:10)
  A death yak simulacrum (IceCv)
  Eustachio (D:5)
  A basilisk (D:11)
  7 vampire mosquitoes
  4 water moccasins (D:11)
  9 orc warriors
  2 ice beasts
  3 necrophages
  A hornet zombie (D:7)
  7 centaurs
  A kobold brigand (D:6)
  A phantom (D:6)
  A scorpion (D:4)
  A bullfrog (D:9)
  2 cane toad simulacra (IceCv)
  A wyvern zombie (D:6)
  A gnoll sergeant (D:6)
  5 wights
  8 electric eels
  2 howler monkeys (D:9)
  2 bullfrog zombies
  3 centaur zombies
  2 jellies
  10 orc priests
  4 hounds
  A centaur skeleton (D:6)
  2 bullfrog skeletons (D:6)
  Crazy Yiuf (D:7)
  2 iguanas
  5 orc wizards
  A polar bear simulacrum (IceCv)
  A killer bee zombie (D:8)
  A wolf simulacrum (IceCv)
  7 gnolls
  An adder (D:4)
  A shadow imp (D:5)
  2 white imps (D:6)
  7 worms
  4 dart slugs
  39 orcs
  7 ball pythons
  9 endoplasms
  2 giant cockroaches
  15 goblins
  16 hobgoblins
  2 jackals (D:1)
  16 kobolds
  3 quokkas
  8 bats
  2 frilled lizards
  2 hobgoblin zombies (Ossuary)
  A rat (D:1)
274 creatures vanquished.

Vanquished Creatures (others)
  A yak (D:11)
  An orc wizard (D:9)
  3 fungi (D:11)
  33 plants
38 creatures vanquished.

Grand Total: 312 creatures vanquished

Notes
Turn   | Place    | Note
-------+----------+-------------------------------------------
     0 | D:1      | MisterFreud the Draconian Transmuter began the quest for
                  | the Orb.
     0 | D:1      | Reached XP level 1. HP: 16/16 MP: 3/3
   383 | D:1      | Reached XP level 2. HP: 15/23 MP: 3/5
   390 | D:1      | Reached skill level 3 in Transmutations
   616 | D:1      | Found Deno's Book Shop.
  1189 | D:2      | Found a faded altar of an unknown god.
  1336 | D:2      | Reached XP level 3. HP: 16/28 MP: 4/6
  1923 | D:2      | Learned a level 2 spell: Wereblood
  1927 | D:2      | Learned a level 3 spell: Spider Form
  2074 | D:2      | Reached skill level 4 in Transmutations
  2354 | D:3      | Reached XP level 4. HP: 35/35 MP: 5/7
  2573 | D:3      | Noticed a necrophage
  2589 | D:3      | Killed a necrophage
  2590 | D:3      | Reached skill level 5 in Transmutations
  2590 | D:3      | Reached XP level 5. HP: 30/45 MP: 5/8
  3162 | D:3      | Found a sacrificial altar of Ru.
  3192 | D:3      | Found Pyre's One-of-a-Kind Rings.
  3497 | D:4      | Reached XP level 6. HP: 44/52 MP: 6/9
  3813 | D:4      | Noticed Grinder
  3846 | D:4      | Killed Grinder
  3847 | D:4      | Reached skill level 5 in Unarmed Combat
  3994 | D:4      | Found a blossoming altar of Fedhas.
  3995 | D:4      | Found a stormy altar of Qazlal.
  4128 | D:4      | Noticed Sigmund
  4152 | D:4      | Killed Sigmund
  4153 | D:4      | Your scales start taking on a fiery red colour.
  4153 | D:4      | Reached XP level 7. HP: 32/59 MP: 5/10
  4153 | D:4      | Gained mutation: Your flesh is heat resistant. (rF+) [Red
                  | Draconian growth]
  4491 | D:4      | Learned a level 4 spell: Ice Form
  4944 | D:5      | Entered Level 5 of the Dungeon
  5005 | D:5      | Found a sand-covered staircase.
  5014 | Ossuary  | Entered an ossuary
  5531 | D:5      | Noticed Pikel
  5551 | D:5      | Killed Pikel
  5552 | D:5      | Reached skill level 6 in Transmutations
  5552 | D:5      | Reached XP level 8. HP: 19/66 MP: 3/11
  5932 | D:5      | Noticed Eustachio
  5967 | D:5      | Killed Eustachio
  6355 | D:3      | Found an iron altar of Okawaru.
  6366 | D:3      | Became a worshipper of Ru the Awakened
  6436 | D:6      | Reached skill level 5 in Dodging
  6911 | D:6      | Reached skill level 7 in Transmutations
  7128 | D:6      | Found a glowing golden altar of the Shining One.
  7450 | D:6      | Reached XP level 9. HP: 71/71 MP: 7/12
  7616 | D:6      | Found a radiant altar of Vehumet.
  7750 | D:6      | Reached skill level 8 in Transmutations
  8157 | D:6      | Found a staircase to the Ecumenical Temple.
  8224 | D:6      | Found an opulent altar of Gozag.
  8679 | D:7      | Reached skill level 5 in Fighting
  8928 | D:7      | Gained mutation: You sometimes lose the ability to drink
                  | potions when taking damage. [Ru sacrifice]
  8928 | D:7      | Reached * piety under Ru
  9066 | D:7      | Found a runed translucent door.
  9067 | D:7      | Noticed Crazy Yiuf
  9584 | D:7      | Killed Crazy Yiuf
 10060 | D:8      | Found a flagged portal.
 10066 | Bailey   | Entered a bailey
 10088 | Bailey   | Noticed an orc warlord
 10159 | Bailey   | Learned a level 3 spell: Tukima's Dance
 10211 | Bailey   | Reached XP level 10. HP: 22/83 MP: 10/16
 10558 | Bailey   | Found a runed translucent gate.
 10570 | Bailey   | Found a runed translucent gate.
 10571 | Bailey   | Found a runed translucent gate.
 10914 | D:8      | Acquired the amulet "Ingofyuf" {rC+ Regen+ Str+5 SInv}
 12137 | D:9      | Gained mutation: You are somewhat unskilled. (-1 Apt) [Ru
                  | sacrifice]
 12137 | D:9      | Reduced skill Transmutations to level 7
 12137 | D:9      | Reduced skill Ice Magic to level 1
 12137 | D:9      | Reached ** piety under Ru
 12137 | D:9      | Reached *** piety under Ru
 12450 | D:9      | Noticed a cyan ugly thing
 12463 | D:9      | Killed a cyan ugly thing
 13193 | D:10     | Entered Level 10 of the Dungeon
 13214 | D:10     | Found Zin's Purification Station.
 13217 | D:10     | Found a glowing silver altar of Zin.
 13234 | D:10     | Reached XP level 11. HP: 93/93 MP: 10/17
 13296 | D:10     | Found a staircase to the Orcish Mines.
 13641 | D:10     | Found Ligakecsid's Distillery.
 13733 | D:10     | Reached skill level 8 in Transmutations
 14169 | D:10     | Found a broken altar of Ashenzari.
 14169 | D:10     | Found a shimmering altar of Xom.
 14717 | D:1      | Bought the Guide on Shape Shifting and Flames for 408 gold
                  | pieces
 14723 | D:1      | Learned a level 5 spell: Blade Hands
 15351 | D:11     | Found a staircase to the Lair.
 15464 | D:11     | Noticed a two-headed ogre
 15482 | D:11     | Killed a two-headed ogre
 15483 | D:11     | Reached skill level 9 in Transmutations
 16179 | D:12     | Found a frozen archway.
 16201 | IceCv    | Entered an ice cave
 16211 | IceCv    | Reached skill level 10 in Transmutations
 16480 | IceCv    | Noticed a white ugly thing
 16515 | IceCv    | HP: 5/106 [harpy simulacrum (7)]
 16515 | IceCv    | HP: 2/106 [harpy simulacrum (3)]
 16515 | IceCv    | Slain by a harpy simulacrum

Illustrated notes

Levels and vault maps discovered:
D:1:      giann_wishing_wells, layout_basic, serial_shops, shop_fountains,
          minmay_tromino_v2
D:2:      layout_rooms, basic_ecumenical_altar
D:3:      layout_loops_ring, nicolae_overflow_hidden_temple,
          minmay_tree_intersection, chequers_serial_rivers_room_a,
          nicolae_shop_unique_rings, nicolae_wormholes
D:4:      layout_basic, grunt_temple_overflow_forces_of_nature, uniq_grinder,
          uniq_sigmund
D:5:      nicolae_cairo_tiling_large, layout_loops_corners, enter_ossuary_1,
          uniq_eustachio, uniq_pikel
D:6:      minmay_bubble_buster, layout_cave_pools, tso_altar,
          lemuel_coloured_pillars_altar, lemuel_tele_altar, temple_statues,
          nicolae_concentric_dashed_squares_wild
D:7:      layout_loops_ring, serial_bayou, serial_bayou_pond_b,
          serial_bayou_shore_a, serial_bayou_pond_e, serial_bayou_ford_a,
          sigmund_army, uniq_crazy_yiuf_cottage
D:8:      layout_loops_ring, enter_bailey_3
D:9:      layout_basic, water_maze_lemuel
D:10:     layout_basic, gammafunk_temple_overflow_wave, zin_purify, orc_0_dummy,
          serial_shops, shop
D:11:     layout_stronghold, minmay_lair_entry_grove, evilmike_butchery
D:12:     layout_basic, serial_ice, serial_ice_e, serial_ice_o, serial_ice_f,
          serial_ice_a, portal_ice_cave_demonic_guard, uniq_josephine
IceCv:    ice_cave_statue_garden_chambered

Skill      XL: |  1  2  3  4  5  6  7  8  9 10 11 |
---------------+----------------------------------+-----
Transmutations | 3 4 5 6 7 8 7 10 | 10.8
Fighting       | 3 4 5 7 8 |  8.0
Unarmed Combat | 6 7 7 8 |  8.0
Dodging        | 4 6 7 7 8 |  8.0
Ice Magic      | 2 1 |  1.7
Spellcasting   | 4 4 |  4.0

Action                   |  1- 3 |  4- 6 |  7- 9 | 10-12 || total
-------------------------+-------+-------+-------+-------++-------
Melee: Unarmed           |   132 |   104 |   330 |   384 ||   950
       Kick              |    23 |     7 |       |       ||    30
       Headbutt          |    20 |     4 |       |       ||    24
       Tailslap          |    18 |     8 |     3 |     4 ||    33
       Punch             |     3 |       |     1 |     1 ||     5
Throw: Dart              |       |     8 |     1 |       ||     9
 Cast: Beastly Appendage |    28 |     5 |       |       ||    33
       Spider Form       |       |     9 |    13 |     2 ||    24
       Ice Form          |       |       |    21 |    31 ||    52
       Wereblood         |       |       |     1 |     1 ||     2
Invok: Sacrifice Drink   |       |       |     1 |       ||     1
       Sacrifice Skill   |       |       |       |     1 ||     1
       Draw Out Power    |       |       |       |     1 ||     1
 Abil: End Transformatio |       |     1 |       |       ||     1
       Breathe Fire      |       |       |       |     1 ||     1
Evoke: Wand              |       |       |     5 |     4 ||     9
       Phantom mirror    |       |       |       |     1 ||     1
  Use: Scroll            |       |     2 |    15 |    10 ||    27
       Potion            |       |       |       |     2 ||     2
 Stab: Distracted        |       |       |       |     1 ||     1
Armor: Skin              |    35 |    20 |    73 |   147 ||   275
Dodge: Dodged            |    80 |    67 |   245 |   266 ||   658
Block: Other             |       |       |    33 |     7 ||    40
       Reflection        |       |       |     4 |     1 ||     5
